 Dungeon Crawl Stone Soup version 0.30.1-1-g62c8e00024 (webtiles) character file.

Game seed: 12625999330739516701

43131 spardeous the Spry (level 13, -9/54 HPs)
             Began as a Felid Earth Elementalist on July 15, 2023.
             Was an Initiate of Gozag.
             Hit by a large rock thrown by a stone giant (42 damage)
             ... on level 2 of the Orcish Mines on July 16, 2023.
             The game lasted 01:17:10 (31242 turns).

spardeous the Spry (Felid Earth Elementalist)      Turns: 31242, Time: 01:17:10

Health: -9/54      AC:  7    Str:  8    XL:     13   Next: 89%
Magic:  19/28      EV: 29    Int: 19    God:    Gozag
Gold:   2111       SH:  0    Dex: 17    Spells: 5/33 levels left
                                        Lives:  0   Deaths: 2

rFire   . .          .
                       - Unarmed
rCold   + . .        (shield unavailable)
rNeg    . . .        (body armour unavailable)
rPois   .            (helmet unavailable)
rElec   .            (cloak unavailable)
rCorr   .            (gloves unavailable)
SInv    +            (boots unavailable)
Will    ++...        (no amulet)
Stlth   ++++         F - +4 ring of protection
HPRegen 0.29/turn    k - ring of willpower
MPRegen 0.21/turn

%: no passive effects
@: quick
A: very small, claws 1, fangs 3, see invisible, speed 1, shaggy fur 3, stealthy
paws, no weapons or thrown items, no armour, multi-lived, frail 1, strong 1,
MP-powered wands
a: Renounce Religion, Potion Petition, Call Merchant, Bribe Branch


You were on level 2 of the Orcish Mines.
You worshipped Gozag.
Gozag was most pleased with you.
You visited 4 branches of the dungeon, and saw 21 of its levels.
You also visited: Ossuary, Bailey and Volcano.

You collected 6169 gold pieces.
You spent 1212 gold pieces at shops.
You paid 2846 gold pieces to Gozag.

Inventory:

Jewellery
 k - a ring of willpower (right paw)
 n - a ring of poison resistance
 w - a ring of ice
 E - a ring of fire
 F - a +4 ring of protection (left paw)
 K - a ring of fire
 O - a ring of positive energy
 R - an amulet of guardian spirit
 S - a ring of willpower
 T - a ring of willpower
 U - a ring of protection from cold
Wands
 D - a wand of polymorph (9)
 J - a wand of digging (15)
 L - a wand of iceblast (13)
 P - a wand of flame (11)
Scrolls
 a - 3 scrolls of summoning {unknown}
 c - 4 scrolls of fog
 f - 4 scrolls of amnesia {unknown}
 j - 11 scrolls of teleportation
 l - 8 scrolls of noise {unknown}
 o - a scroll of acquirement {unknown}
 p - 2 scrolls of enchant armour
 r - 3 scrolls of enchant weapon {unknown}
 t - a scroll of poison
 u - a scroll of vulnerability {unknown}
 v - 4 scrolls of torment {unknown}
 x - 4 scrolls of fear {unknown}
 y - 2 scrolls of silence
 z - 2 scrolls of blinking
 C - 6 scrolls of immolation
 M - 8 scrolls of identify
Potions
 b - 3 potions of lignification
 d - 15 potions of curing
 e - 6 potions of heal wounds
 g - 7 potions of cancellation {unknown}
 h - 5 potions of attraction
 i - 11 potions of might
 m - 5 potions of haste
 q - 3 potions of ambrosia
 s - 8 potions of brilliance
 A - 4 potions of degeneration {unknown}
 B - 7 potions of magic
 G - 5 potions of resistance
 H - 3 potions of flight
 I - 3 potions of invisibility
 N - 2 potions of mutation
 Q - 3 potions of berserk rage


   Skills:
 - Level 9.4 Fighting
 - Level 16.2 Dodging
 - Level 7.0 Stealth
 - Level 7.0 Unarmed Combat
 - Level 10.5 Spellcasting
 - Level 10.0 Conjurations
 + Level 2.6 Necromancy
 - Level 10.0 Transmutations
 - Level 10.0 Earth Magic


You had 5 spell levels left.
You knew the following spells:

 Your Spells              Type           Power      Damage    Failure   Level
a - Sandblast             Erth           96%        2d20      1%          1
b - Stone Arrow           Conj/Erth      96%        3d13      1%          3
c - Petrify               Tmut/Erth      48%        N/A       1%          4
d - Statue Form           Tmut/Erth      32%        N/A       17%         6
e - Leda's Liquefaction   Hex/Erth       14%        N/A       9%          4
f - Lee's Rapid Deconstr  Erth           24%        3d13*     3%          5
g - Borgnjor's Vile Clut  Necr/Erth      17%        N/A       14%         5

Your spell library contained the following spells:

 Spells                   Type           Power      Damage    Failure   Level
 Beastly Appendage        Tmut           96%        N/A       1%          1
 Sting                    Tmut/Pois      100%       1d8       1%          1
 Passwall                 Tmut/Erth      40%        N/A       1%          2
 Wereblood                Tmut           48%        N/A       1%          2
 Necrotise                Necr           80%        1d8       2%          1
 Spider Form              Tmut/Pois      29%        N/A       2%          3
 Vampiric Draining        Necr           20%        2d7       7%          3
 Poisonous Vapours        Pois/Air       20%        N/A       11%         2
 Ozocubu's Armour         Ice            10%        N/A       22%         3
 Vhi's Electric Charge    Tloc/Air       20%        N/A       22%         3
 Arcjolt                  Conj/Air       14%        1d24      26%         5
 Agony                    Necr           20%        N/A       54%         5
 Olgreb's Toxic Radiance  Pois           10%        N/A       56%         4
 Summon Lightning Spire   Summ/Air       10%        N/A       56%         4
 Metabolic Englaciation   Hex/Ice        5%         N/A       89%         5
 Summon Forest            Summ/Tloc      5%         N/A       89%         5
 Summon Mana Viper        Hex/Summ       10%        N/A       89%         5
 Death Channel            Necr           10%        N/A       98%         6
 Plasma Beam              Fire/Air       5%         2x1d17    100%        6
 Summon Cactus Giant      Summ           5%         N/A       100%        6
 Ozocubu's Refrigeration  Ice            5%         4d8       100%        7
 Storm Form               Tmut/Air       14%        N/A       100%        7
 Borgnjor's Revivificati  Necr           10%        N/A       100%        8
 Maxwell's Capacitive Co  Air            5%         ∞         100%        8
 Necromutation            Tmut/Necr      17%        N/A       100%        8
 Death's Door             Necr           10%        N/A       100%        9
 Animate Dead             Necr           Unusable   N/A       N/A         4

Dungeon Overview and Level Annotations

Branches:
Dungeon (13/15)            Temple (1/1) D:5            Lair (5/5) D:8
  Swamp (0/4) Lair:2        Snake (0/4) Lair:3        Slime (0/5) Lair:4
    Orc (2/2) D:9         Ossuary (visited)          Bailey (visited)
Volcano (visited)
    Elf: Orc:2       Vaults: D:13-14

Altars:
Ashenzari
Cheibriados
Dithmenos
Elyvilon
Fedhas
Gozag
Hepliaklqana
Kikubaaqudgha
Makhleb
Nemelex Xobeh
Okawaru
Qazlal
Ru
Sif Muna
Trog
Uskayaw
Vehumet
Wu Jian
Xom
Yredelemnul
Zin
The Shining One
Jiyva

Shops:
D:8 =   D:12 *   Orc:1 !   Orc:2 (*   Lair:1 =!:

Annotations:
Orc:2 Josephine


Innate Abilities, Weirdness & Mutations

You have sharp claws.
You have razor-sharp teeth.
You have supernaturally acute eyesight. (SInv)
You cover ground quickly. (Speed+)
Your thick and shaggy fur keeps you warm. (AC +3, rC+)
Your paws help you pounce on unaware monsters.
You are incapable of wielding weapons or throwing items.
You cannot wear armour.
You gain extra lives every three experience levels.
You are frail. (-10% HP)
Your muscles are strong. (Str +4, Int/Dex -1)
You expend magic power (3 MP) to strengthen your wands.


Message History

The orc wizard casts a spell at you. The magic dart hits you.
An orc warrior comes into view. It is wielding a +0 trident.
The orc wizard gestures wildly while chanting.
The orc wizard flickers and vanishes for a moment.
Found 33 gold pieces.
Your magical contamination has completely faded away.
Casting: Stone Arrow (safe; 1% risk of failure)
Confirm with . or Enter, or press ? or * to list all spells.
Aiming: Stone Arrow (safe; 1% risk of failure)
Press: ? - help, Shift-Dir - straight line, f/p - ettin
Aim: an ettin, wielding a +0 dire flail and a +0 great mace (severely wounded, 95% to hit)
The stone arrow hits the ettin!
The ettin is severely wounded.
The cyclops shouts!
The cyclops throws a large rock.
The large rock barely misses you.
The stone giant throws a large rock.
The large rock completely misses you. The wraith hits you.
The wraith drains your vigour!
You feel yourself slow down. The wraith misses you.
The wraith attacks as you move away! The wraith misses you.
Found a stone staircase leading up.
The wraith completely misses you. The wraith misses you. The ettin misses you.
The ettin completely misses you. The orc wizard completely misses you.
The wraith attacks as you move away! The wraith misses you.
The cyclops throws a large rock.
The large rock hits you! The orc wizard barely misses you.
The wraith attacks as you move away! The wraith completely misses you.
Found 25 gold pieces.
An orc comes into view. It is wielding a +0 whip.
The orc wizard casts a spell at you. The puff of flame misses you.
An orc comes into view. It is wielding a +0 morningstar.
You feel yourself speed up. The ettin closely misses you.
The ettin barely misses you.
The stone giant throws a large rock.
The large rock hits you!
The stone giant throws a large rock.
The large rock hits you!!!
Ouch! That really hurt!
You die...
Your body crumbles into a pile of gold.

.....###.## .....### #
...##.... .......#
##..o...§ ..$....##
##.....o.
$.....o.####....$..
$C...$..#.........
.$#.....#.........
.###...oo.......## ##
#.....$o.....@#
##.....CWoC..##
#.......o.....#..
#.......CW.......≈
..##.......o........≈≈
.........W#.........≈≈
.........###..........
.........# ##.........
........## #.$........


You could see a stone giant, an ettin, a cyclops, 3 wraiths, an orc warrior, an
orc wizard (invisible) and 2 orcs.

Vanquished Creatures
  A stone giant (Volcano)
  Harold (D:9)
  Erolcha (D:12)
  3 catoblepae (Lair:5)
  5 hydras
  Erica (Orc:1)
  13 death yaks (Lair:5)
  A centaur warrior (D:13)
  2 two-headed ogres
  Urug (D:13)
  5 skeletal warriors (D:13)
  A bog body (Lair:2)
  An orc knight (Bailey)
  Pikel (D:6)
  A cyclops (D:12)
  2 manticores (Lair:5)
  Joseph (D:9)
  7 black mambas
  9 elephants
  3 gargoyles
  13 cane toads
  A molten gargoyle (Volcano)
  2 rime drakes (Lair:5)
  10 komodo dragons
  An efreet (Volcano)
  2 unseen horrors
  5 trolls
  A hornet (D:10)
  8 blink frogs
  7 slime creatures
  2 vampires
  3 wraiths
  A fire elemental (Volcano)
  3 basilisks
  2 wyverns
  5 fire bats
  42 yaks
  2 steam dragons
  7 vampire mosquitoes
  3 wargs (Orc:1)
  20 water moccasins
  5 orc warriors
  4 ice beasts
  4 black bears
  2 sky beasts (D:7)
  6 wolves
  9 ogres
  9 centaurs
  2 phantoms
  3 lemures (D:6)
  13 bullfrogs
  3 kobold brigands
  2 earth elementals (Volcano)
  2 gnoll sergeants
  4 scorpions
  7 wights
  4 killer bees (D:10)
  3 electric eels
  9 howler monkeys
  6 lava snakes (Volcano)
  11 jellies
  3 hounds
  A gnoll bouda (D:4)
  Crazy Yiuf (D:5)
  7 orc priests
  3 iguanas
  13 orc wizards
  6 hell rats (Lair:5)
  8 mummies (Ossuary)
  Robin (D:1)
  7 adders
  29 gnolls
  2 worms
  A dart slug (D:4)
  49 orcs
  7 ball pythons
  4 endoplasms
  4 giant cockroaches
  8 hobgoblins
  14 kobolds
  2 quokkas
  3 bats
  2 frilled lizards (D:1)
  A gnoll zombie (Ossuary)
  22 goblins
  3 hobgoblin zombies (Ossuary)
  2 kobold zombies (Ossuary)
  2 orc zombies (Ossuary)
  5 rats
518 creatures vanquished.

Vanquished Creatures (others)
  A quokka (D:6)
1 creature vanquished.

Grand Total: 519 creatures vanquished

Notes
Turn   | Place    | Note
-------+----------+-------------------------------------------
     0 | D:1      | spardeous the Felid Earth Elementalist began the quest for
                  | the Orb.
     0 | D:1      | Reached XP level 1. HP: 7/7 MP: 4/4
    81 | D:1      | Reached skill level 3 in Dodging
   179 | D:1      | Reached XP level 2. HP: 11/11 MP: 4/6
   546 | D:2      | Reached XP level 3. HP: 14/14 MP: 4/7
   574 | D:2      | Noticed Robin
   587 | D:1      | Killed Robin
   588 | D:1      | Reached skill level 4 in Dodging
   944 | D:3      | Found a broken altar of Ashenzari.
  1238 | D:4      | Reached XP level 4. HP: 18/18 MP: 4/8
  1425 | D:4      | Reached skill level 5 in Dodging
  1435 | D:4      | Reached XP level 5. HP: 21/21 MP: 3/9
  1728 | D:4      | Found a sand-covered staircase.
  1752 | Ossuary  | Entered an ossuary
  1788 | Ossuary  | Reached skill level 5 in Earth Magic
  1870 | Ossuary  | Gained mutation: You are covered in thick fur. (AC +2)
                  | [Felid growth]
  1870 | Ossuary  | Reached XP level 6. HP: 14/24 MP: 7/10
  2748 | D:5      | Entered Level 5 of the Dungeon
  2820 | D:5      | Reached XP level 7. HP: 27/27 MP: 8/11
  2855 | D:5      | Found a staircase to the Ecumenical Temple.
  2865 | Temple   | Entered the Ecumenical Temple
  2876 | Temple   | Became a worshipper of Gozag Ym Sagoz the Greedy
  3329 | D:3      | Learned a level 3 spell: Stone Arrow
  3676 | D:2      | Found a faded altar of an unknown god.
  4461 | D:5      | Reached skill level 1 in Fighting
  5188 | D:5      | Found a runed translucent door.
  5189 | D:5      | Noticed Crazy Yiuf
  5289 | D:5      | Reached XP level 8. HP: 36/36 MP: 12/15
  5323 | D:5      | Found a shimmering blue altar of Sif Muna.
  5535 | D:5      | Killed Crazy Yiuf
  5737 | D:6      | Noticed Pikel
  5929 | D:6      | Killed Pikel
  6133 | D:6      | Found a white marble altar of Elyvilon.
  6197 | D:6      | Found a burning altar of Makhleb.
  6301 | D:6      | Reached skill level 5 in Conjurations
  6441 | D:6      | Found a glowing silver altar of Zin.
  6506 | D:6      | Reached XP level 9. HP: 39/39 MP: 14/17
  6544 | D:6      | Reached skill level 6 in Dodging
  6878 | D:7      | Reached skill level 7 in Dodging
  7240 | D:7      | Found an ornate altar of the Wu Jian Council.
  7325 | D:7      | Reached skill level 8 in Dodging
  7628 | D:7      | Found a radiant altar of Vehumet.
  7827 | D:7      | Found a hazy altar of Hepliaklqana.
  7921 | D:7      | Found a shimmering altar of Xom.
  7923 | D:7      | Found a shimmering altar of Xom.
  8227 | D:8      | Reached skill level 9 in Dodging
  8357 | D:8      | Reached skill level 10 in Dodging
  8377 | D:8      | Reached XP level 10. HP: 33/43 MP: 0/18
  8450 | D:8      | Noticed an elephant
  8692 | D:8      | Found a flagged portal.
  8793 | Bailey   | Entered a bailey
  9196 | Bailey   | Noticed an orc knight
  9263 | Bailey   | Killed an orc knight
  9567 | D:8      | Found a staircase to the Lair.
  9697 | D:8      | Killed an elephant
  9946 | D:8      | Learned a level 4 spell: Petrify
 10348 | D:9      | Noticed a two-headed ogre
 10357 | D:9      | Killed a two-headed ogre
 10358 | D:9      | Reached skill level 5 in Fighting
 10358 | D:9      | Reached skill level 5 in Spellcasting
 10362 | D:9      | Noticed Joseph
 10644 | D:9      | Found a sparkling altar of Nemelex Xobeh.
 10653 | D:9      | Found a basalt altar of Yredelemnul.
 10715 | D:9      | Noticed Harold
 10763 | Lair:1   | Entered Level 1 of the Lair of Beasts
 11028 | Lair:1   | Noticed a cane toad
 11056 | Lair:1   | Killed a cane toad
 11057 | Lair:1   | Reached XP level 11. HP: 49/49 MP: 11/21
 12380 | Lair:1   | Reached skill level 5 in Stealth
 13076 | Lair:2   | Noticed a bog body
 13087 | Lair:2   | Noticed an eight-headed hydra
 13210 | Lair:2   | Killed an eight-headed hydra
 13389 | Lair:2   | Found a staircase to the Swamp.
 13395 | Lair:2   | Killed a bog body
 13950 | Lair:2   | Reached skill level 11 in Dodging
 13950 | Lair:2   | Reached skill level 5 in Transmutations
 13950 | Lair:2   | Gained mutation: Your thick and shaggy fur keeps you warm.
                  | (AC +3, rC+) [Felid growth]
 13950 | Lair:2   | Reached XP level 12. HP: 54/54 MP: 26/26
 13951 | Lair:2   | Reached skill level 12 in Dodging
 13951 | Lair:2   | Reached skill level 10 in Spellcasting
 13951 | Lair:2   | Reached XP level 13. HP: 57/57 MP: 26/28
 14175 | Lair:3   | Found a staircase to the Snake Pit.
 14235 | Lair:3   | Reached XP level 14. HP: 53/61 MP: 14/29
 14646 | Lair:3   | Identified the orb of Vehumet's Outrage {guile, rPois Str+3
                  | Int+4 Dex-3}
 15513 | Lair:4   | Found a viscous altar of Jiyva.
 15514 | Lair:4   | Found a staircase to the Slime Pits.
 15575 | Lair:4   | Reached skill level 10 in Earth Magic
 15942 | Lair:4   | Found a dark tunnel.
 15954 | Volcano  | Entered a volcano
 16598 | Volcano  | Found a burning altar of Makhleb.
 16616 | Volcano  | Reached skill level 13 in Dodging
 17037 | Volcano  | Noticed a stone giant
 17042 | Volcano  | Hit by a large rock thrown by a stone giant
 17043 | Volcano  | Reached XP level 13. HP: -12/57 MP: 17/28
 17100 | Volcano  | Killed a stone giant
 18230 | Lair:1   | Bought a potion of mutation for 112 gold pieces
 18230 | Lair:1   | Bought a potion of heal wounds for 70 gold pieces
 18230 | Lair:1   | Bought a potion of flight for 42 gold pieces
 18230 | Lair:1   | Gained mutation: You have a pair of small antennae on your
                  | head. [potion of mutation]
 18231 | Lair:1   | Lost mutation: You have a pair of small antennae on your
                  | head. [potion of mutation]
 18231 | Lair:1   | Gained mutation: You are agile. (Dex +4, Str/Int -1)
                  | [potion of mutation]
 18231 | Lair:1   | Gained mutation: You do not regenerate when monsters are
                  | visible. [potion of mutation]
 18231 | Lair:1   | Gained mutation: You are strong-willed. (Will+) [potion of
                  | mutation]
 18231 | Lair:1   | Gained mutation: Your flesh is cold resistant. (rC+)
                  | [potion of mutation]
 18233 | Lair:1   | Lost mutation: Your flesh is cold resistant. (rC+) [potion
                  | of mutation]
 18233 | Lair:1   | Lost mutation: You do not regenerate when monsters are
                  | visible. [potion of mutation]
 18233 | Lair:1   | Lost mutation: You are agile. (Dex +4, Str/Int -1) [potion
                  | of mutation]
 18233 | Lair:1   | Gained mutation: You are frail. (-10% HP) [potion of
                  | mutation]
 18233 | Lair:1   | Gained mutation: Potions are less effective at restoring
                  | your health. [potion of mutation]
 18234 | Lair:1   | Lost mutation: Potions are less effective at restoring your
                  | health. [potion of mutation]
 18234 | Lair:1   | Lost mutation: You are strong-willed. (Will+) [potion of
                  | mutation]
 18234 | Lair:1   | Gained mutation: You occasionally lose the ability to read
                  | scrolls when taking damage. [potion of mutation]
 18234 | Lair:1   | Gained mutation: You have a somewhat thin skeletal
                  | structure. (Dex +2, Stealth+) [potion of mutation]
 18324 | Lair:5   | Entered Level 5 of the Lair of Beasts
 18580 | Lair:5   | Reached skill level 14 in Dodging
 18731 | Lair:5   | Reached skill level 10 in Conjurations
 19503 | Lair:5   | HP: 2/52 [death yak (23)]
 20565 | Lair:5   | Reached skill level 15 in Dodging
 20578 | Lair:5   | Reached XP level 14. HP: 19/56 MP: 7/29
 21959 | Lair:5   | Found a hide-covered altar of Uskayaw.
 22744 | Lair:5   | Reached skill level 16 in Dodging
 23053 | Lair:1   | Bought a book of the Earth for 576 gold pieces
 23063 | Lair:1   | Learned a level 6 spell: Statue Form
 23071 | Lair:1   | Learned a level 4 spell: Leda's Liquefaction
 23077 | Lair:1   | Learned a level 5 spell: Lee's Rapid Deconstruction
 23229 | D:9      | Killed Joseph
 23415 | D:9      | Found a staircase to the Orcish Mines.
 23498 | D:9      | Found a sacrificial altar of Ru.
 23628 | D:9      | Found a glowing golden altar of the Shining One.
 23789 | D:9      | Found a viscous altar of Jiyva.
 23884 | D:9      | Killed Harold
 24154 | D:10     | Entered Level 10 of the Dungeon
 24315 | D:10     | Found an iron altar of Okawaru.
 25515 | D:11     | Reached skill level 10 in Transmutations
 26372 | D:12     | Reached skill level 5 in Unarmed Combat
 26610 | D:12     | Noticed Erolcha
 26619 | D:12     | Killed Erolcha
 26903 | D:12     | Found Rysiekat's General Store.
 26912 | D:12     | Bought a potion of mutation for 112 gold pieces
 28037 | D:13     | Noticed Urug
 28046 | D:13     | Killed Urug
 29992 | D:13     | Learned a level 5 spell: Borgnjor's Vile Clutch
 29992 | D:13     | Lost mutation: You occasionally lose the ability to read
                  | scrolls when taking damage. [potion of mutation]
 29992 | D:13     | Lost mutation: You are frail. (-10% HP) [potion of
                  | mutation]
 29992 | D:13     | Lost mutation: You have a somewhat thin skeletal structure.
                  | (Dex +2, Stealth+) [potion of mutation]
 29992 | D:13     | Gained mutation: You are frail. (-10% HP) [potion of
                  | mutation]
 29992 | D:13     | Gained mutation: You expend magic power (3 MP) to
                  | strengthen your wands. [potion of mutation]
 29992 | D:13     | Gained mutation: Your muscles are strong. (Str +4, Int/Dex
                  | -1) [potion of mutation]
 30121 | Orc:1    | Entered Level 1 of the Orcish Mines
 30249 | Orc:1    | Reached skill level 1 in Necromancy
 30385 | Orc:1    | Found Ifiofoc's Distillery.
 30482 | Orc:1    | Bought a potion of mutation for 96 gold pieces
 30482 | Orc:1    | Bought 2 potions of might for 96 gold pieces
 30482 | Orc:1    | Bought a potion of brilliance for 48 gold pieces
 30482 | Orc:1    | Bought a potion of berserk rage for 60 gold pieces
 30506 | Orc:1    | Noticed Erica
 30514 | Orc:1    | Killed Erica
 30991 | Orc:2    | Entered Level 2 of the Orcish Mines
 31178 | Orc:2    | Noticed Josephine
 31179 | Orc:2    | Noticed a stone giant
 31181 | Orc:2    | Found Ingazo's General Store.
 31203 | Orc:2    | Hit by a large rock thrown by a cyclops
 31204 | Orc:2    | Reached XP level 13. HP: -11/52 MP: 25/28
 31204 | Orc:2    | Found Wuec's Antique Weapon Shoppe.
 31242 | Orc:2    | Hit by a large rock thrown by a stone giant

Illustrated notes

Levels and vault maps discovered:
D:1:      zelgadis_glass_arrival_small, layout_basic, minmay_misc_feat_columns
D:2:      layout_basic, ebering_ecumenical_altar_sacrificial,
          hangedman_decor_growths, chequers_serial_rivers_room_b,
          minmay_tromino_v2, uniq_robin
D:3:      layout_loops_ring, nicolae_ashenzari_panopticon
D:4:      layout_basic, nicolae_ossuary_entry_false_entrances
D:5:      layout_loops_ring, led_sif_pool, minmay_temple_entry_proselytizer,
          water_maze_lemuel, uniq_crazy_yiuf_cottage
D:6:      layout_loops_ring, lemuel_doored_altar,
          mainiacjoe_overflow_cross_hatched, elyvilon_altar_4, uniq_pikel
D:7:      layout_loops_cross, nicolae_hepliaklqana_hazy_memory, xom_redecorated,
          nzn_wu_jian_council_hall, mainiacjoe_overflow_alcove_2, minmay_holes,
          minmay_misc_feat_secret_circle
D:8:      layout_loops_ring, david_lair_generic, enter_bailey_5
D:9:      layout_rooms, hangedman_ru_absence, mainiacjoe_overflow_alcove_4,
          nicolae_tso_carved_into_rock, mainiacjoe_overflow_chevrons,
          jiyva_altar_1, uniq_harold, uniq_joseph
D:10:     lemuel_ice_spiral_2, layout_basic, mainiacjoe_overflow_brackets
D:11:     layout_stronghold, minmay_misc_feat_square
D:12:     layout_basic, serial_shops, shop, minmay_microvault, uniq_erolcha
D:13:     layout_basic, minmay_misc_feat_tiny, uniq_urug
Temple:   nicolae_temple_two_arcs
Lair:1:   layout_small_grid, gammafunk_lair_bear_cave
Lair:2:   layout_long_grid, skrybe_swamp_entry_bodies
Lair:3:   layout_regular_city, minmay_snake_entry_six_corridors
Lair:4:   layout_cave_pods, nicolae_slime_entry_field_trip,
          nicolae_volcano_entry_batcave, grunt_megastairs_2,
          infiniplex_staircase_pool
Lair:5:   evilmike_catoblepas_cave, layout_cellular_growth, lemuel_centaur_altar
Orc:1:    layout_diamond_mine, serial_shops, nicolae_shop_advertising_works
          [nicolae_subvault_shop_adworks], uniq_erica
Orc:2:    grunt_orc_gardens, layout_diamond_mine, grunt_orc_garden,
          grunt_orc_garden, grunt_orc_garden, grunt_orc_garden,
          guppyfry_orc_lava_fort, uniq_josephine

Skill      XL: |  1  2  3  4  5  6  7  8  9 10 11 12 13 14 |
---------------+-------------------------------------------+-----
Dodging        | 3 4 5 10 11 12 15 16 | 16.2
Earth Magic    | 3 4 5 6 9 10 | 10.0
Fighting       | 3 4 6 7 8 9 |  9.4
Spellcasting   | 4 6 9 10 | 10.5
Conjurations   | 5 7 10 9 | 10.0
Stealth        | 7 |  7.0
Unarmed Combat | 4 7 |  7.0
Transmutations | 5 6 7 10 | 10.0
Necromancy     | 2 |  2.6

Action                     |  1- 3 |  4- 6 |  7- 9 | 10-12 | 13-15 || total
---------------------------+-------+-------+-------+-------+-------++-------
  Melee: Unarmed           |     2 |     1 |     1 |     2 |   102 ||   108
         Bite              |       |     1 |       |       |    19 ||    20
         Punch             |       |       |       |       |     7 ||     7
   Cast: Sandblast         |    59 |    96 |   171 |   124 |   332 ||   782
         Stone Arrow       |       |       |    36 |   125 |   374 ||   535
         Borgnjor's Vile C |       |       |       |       |     8 ||     8
         Lee's Rapid Decon |       |       |       |       |    31 ||    31
         Statue Form       |       |       |       |       |    17 ||    17
         Petrify           |       |       |       |       |     5 ||     5
         Leda's Liquefacti |       |       |       |       |     1 ||     1
 Invoke: Call Merchant     |       |       |     1 |       |     3 ||     4
Ability: End Transformatio |       |       |       |       |     1 ||     1
  Evoke: Wand              |       |       |       |     4 |     1 ||     5
    Use: Potion            |       |     1 |       |     3 |    11 ||    15
         Scroll            |       |       |       |     8 |     5 ||    13
   Stab: Petrifying        |       |       |       |       |     3 ||     3
         Petrified         |       |       |       |       |     3 ||     3
         Distracted        |       |       |       |       |     2 ||     2
         Sleeping          |       |       |       |       |     1 ||     1
 Armour: Skin              |     4 |       |     5 |    17 |    48 ||    74
  Dodge: Dodged            |    36 |    31 |    41 |   124 |   485 ||   717
